 Dungeon Crawl Stone Soup version 0.28-a0-1510-gd0f6b136d3 (webtiles) character file.

Game seed: 12764007716921097275

35720 vineage the Warrior (level 13, 0/140 HPs)
             Began as a Minotaur Fighter on Jan 15, 2022.
             Was a High Priest of Okawaru.
             Slain by a 14-headed hydra (6 damage)
             ... while petrified by a basilisk
             ... on level 5 of the Lair of Beasts.
             The game lasted 00:22:33 (14593 turns).

vineage the Warrior (Minotaur Fighter)             Turns: 14593, Time: 00:22:35

Health: 0/140      AC: 25    Str: 23    XL:     13   Next: 49%
Magic:  17/17      EV:  2    Int:  9    God:    Okawaru [*****.]
Gold:   953        SH:  0    Dex: 26    Spells: 12/12 levels left

rFire   + + .      SeeInvis +   V - +8 hand axe "Muwuskos" {vorpal, Str+3 SInv}
rCold   x . .      Faith    .   c - +1 buckler
rNeg    + + +      Spirit   .   L - +1 fire dragon scales "Istruh" {rPois rF++ rC- Regen+ rCorr Stlth+}
rPois   ∞          Reflect  .   U - +3 hat of the Secret Friars {rElec Str-5 Int+3 Dex+7}
rElec   +          Harm     .   t - +0 cloak
rCorr   +          Rampage  .   K - +0 pair of gloves
Will    .....                   B - +2 pair of boots {Stlth+}
Stlth   ++........              x - amulet of regeneration
HPRegen 1.93/turn               n - ring of the Octopus King {rCorr AC+1 EV+1 Str+1 Int+1 Dex+1}
MPRegen 0.15/turn               P - +6 ring of dexterity

@: confused, petrified, heroic, ambrosia-drunk
A: horns 2, retaliatory headbutt
a: Renounce Religion, Heroism, Finesse, Duel


You were on level 5 of the Lair of Beasts.
You worshipped Okawaru.
Okawaru was extremely pleased with you.
You visited 2 branches of the dungeon, and saw 17 of its levels.
You also visited: Ossuary.

You collected 953 gold pieces.

Inventory:

Hand Weapons
 a - a +1 vorpal war axe
 v - a +1 whip of flaming
 C - a +2 whip of freezing
 I - a +3 vampiric hand axe
 J - the +8 long sword of Sora {venom, Stlth+}
   (You took it off an ogre mage on level 10 of the Dungeon)

   It poisons the flesh of those it strikes.
   Stlth:     It makes you more stealthy.
 V - the +8 hand axe "Muwuskos" (weapon) {vorpal, Str+3 SInv}
   (You found it on level 5 of the Lair of Beasts)

   It inflicts extra damage upon your enemies.
   Str:       It affects your strength (+3).
   SInv:      It lets you see invisible.
Armour
 c - a +1 buckler (worn)
 j - +2 storm dragon scales
 t - a +0 cloak (worn)
 B - a +2 pair of boots of stealth (worn)
 K - a +0 pair of gloves (worn)
 L - the +1 fire dragon scales "Istruh" (worn) {rPois rF++ rC- Regen+ rCorr Stlth+}
   (Okawaru gifted it to you on level 11 of the Dungeon)

   rF:        It greatly protects you from fire.
   rC:        It makes you vulnerable to cold.
   rPois:     It protects you from poison.
   Regen:     It increases your rate of health regeneration.
   rCorr:     It protects you from acid and corrosion.
   Stlth:     It makes you more stealthy.
 Q - a +0 hat
 U - the +3 hat of the Secret Friars (worn) {rElec Str-5 Int+3 Dex+7}
   (Okawaru gifted it to you on level 5 of the Lair of Beasts)

   Str:       It affects your strength (-5).
   Int:       It affects your intelligence (+3).
   Dex:       It affects your dexterity (+7).
   rElec:     It insulates you from electricity.
Jewellery
 d - a ring of wizardry
 i - the ring of Midsummer {rF+ Will+}
   (You found it on level 2 of the Lair of Beasts)

   [ring of willpower]

   rF:        It protects you from fire.
   Will:      It increases your willpower.
 n - a ring of the Octopus King (left hand) {rCorr AC+1 EV+1 Str+1 Int+1 Dex+1}
   (You found it on level 10 of the Dungeon)

   [ring of resist corrosion]

   AC:        It affects your AC (+1).
   EV:        It affects your evasion (+1).
   Str:       It affects your strength (+1).
   Int:       It affects your intelligence (+1).
   Dex:       It affects your dexterity (+1).
   rCorr:     It protects you from acid and corrosion.
 x - an amulet of regeneration (around neck)
 G - a ring of positive energy
 H - a ring of resist corrosion
 N - a +4 ring of slaying
 O - an amulet of magic regeneration
 P - a +6 ring of dexterity (right hand)
Wands
 b - a wand of paralysis (4)
 s - a wand of polymorph (20)
 y - a wand of digging (1)
 z - a wand of flame (36)
 T - a wand of iceblast (3)
Scrolls
 f - 3 scrolls of enchant armour
 h - 6 scrolls of teleportation
 m - 6 scrolls of identify
 o - 3 scrolls of enchant weapon
 u - 2 scrolls of brand weapon
 w - 4 scrolls of amnesia
 A - 2 scrolls of blinking
 F - 2 scrolls of fog
 R - 3 scrolls of summoning {unknown}
Potions
 e - 3 potions of haste
 g - 9 potions of curing
 k - 4 potions of flight
 l - 3 potions of brilliance
 p - 5 potions of degeneration
 q - 4 potions of berserk rage
 r - 2 potions of attraction
 D - a potion of mutation
 E - 2 potions of ambrosia
 M - a potion of might
 S - a potion of invisibility


   Skills:
 + Level 20.4(25.4) Fighting
 - Level 5.2(10.2) Long Blades
 - Level 11.0(16.0) Axes
 - Level 9.2(14.2) Armour
 - Level 9.2(14.2) Shields
 - Level 7.0 Invocations


You had 12 spell levels left.
You didn't know any spells.
Your spell library contained the following spells:

 Spells                   Type           Power      Damage    Failure   Level
 Foxfire                  Conj/Fire      0%         2x1d4     71%         1
 Freeze                   Ice            0%         1d3       71%         1
 Magic Dart               Conj           0%         1d3       71%         1
 Conjure Flame            Conj/Fire      0%         6-21      97%         3
 Dazzling Flash           Conj/Hex       0%         N/A       97%         3
 Ignite Poison            Fire/Tmut/Pois 0%         N/A       97%         3
 Inner Flame              Hex/Fire       0%         N/A       97%         3
 Mephitic Cloud           Conj/Pois/Air  0%         N/A       97%         3
 Ozocubu's Armour         Ice            0%         N/A       97%         3
 Cause Fear               Hex            0%         N/A       100%        4
 Agony                    Necr           0%         N/A       100%        5
 Freezing Cloud           Conj/Ice/Air   0%         6-21      100%        5
 Silence                  Hex/Air        0%         N/A       100%        5
 Starburst                Conj/Fire      0%         6d3       100%        6
 Ozocubu's Refrigeration  Ice            0%         4d5       100%        7
 Discord                  Hex            0%         N/A       100%        8
 Polar Vortex             Ice            0%         N/A       100%        9
 Call Imp                 Summ           Unusable   N/A       N/A         2
 Spellforged Servitor     Conj/Summ      Unusable   N/A       N/A         7

Dungeon Overview and Level Annotations

Branches:
Dungeon (11/15)            Temple (0/1) D:6            Lair (6/6) D:9
  Swamp (0/4) Lair:2        Snake (0/4) Lair:3      Ossuary (visited)
  Slime: Lair:5-6       Orc: D:9-12

Altars:
Cheibriados
Elyvilon
Gozag
Kikubaaqudgha
Makhleb
Nemelex Xobeh
Okawaru
Qazlal
Sif Muna
Uskayaw
Wu Jian
Xom
Yredelemnul
Zin

Shops:
D:8 =


Innate Abilities, Weirdness & Mutations

You have a pair of horns on your head.
You reflexively headbutt those who attack you in melee.


Message History

The basilisk bites you but does no damage.
You have turned to stone.
The wolf howls!
The wolf bites you but does no damage.
The 14-headed hydra bites you but does no damage. x3
The 14-headed hydra bites you!
* * * LOW HITPOINT WARNING * * *
The 14-headed hydra bites you but does no damage. x3
The 14-headed hydra bites you!
* * * LOW HITPOINT WARNING * * *
The 14-headed hydra barely misses you. The 14-headed hydra bites you.
* * * LOW HITPOINT WARNING * * *
The 14-headed hydra bites you but does no damage.
The 14-headed hydra bites you!
* * * LOW HITPOINT WARNING * * *
The 14-headed hydra bites you but does no damage.
The 14-headed hydra bites you!
* * * LOW HITPOINT WARNING * * *
The basilisk bites you but does no damage.
The wolf bites you.
* * * LOW HITPOINT WARNING * * *
The wolf bites you but does no damage.
The 14-headed hydra bites you but does no damage. x2
The 14-headed hydra completely misses you.
The 14-headed hydra bites you but does no damage. x2
The 14-headed hydra bites you.
* * * LOW HITPOINT WARNING * * *
The 14-headed hydra completely misses you.
The 14-headed hydra bites you!
* * * LOW HITPOINT WARNING * * *
The 14-headed hydra bites you but does no damage. x6
The basilisk gazes at you.
You easily resist.
The wolf bites you but does no damage.
The 14-headed hydra bites you but does no damage. x7
The 14-headed hydra bites you!
* * * LOW HITPOINT WARNING * * *
The 14-headed hydra bites you but does no damage. x4
The 14-headed hydra bites you!
You die...

....♣#.#### #.#..†......#
... ♣..#♣# ###...#.......#
.♣.♣..####P...#........#
...............†#........
hh..............#........P
............>.....###....##
...8...W♣.....†.†...####...#
..........♣hh.†........#
#.## ......D@.......=..# ##
8.....l.........P##
..................#
.................##
....♣...........##
..............###
....♣........##
.....?...)..##


You could see a 14-headed hydra, a basilisk and 2 wolves.

Vanquished Creatures
  Gastronok (Lair:2)
  Fannar (D:11)
  The ghost of Xaifossi the Earth Mage, a journeyman GrEE of Vehumet (Lair:2)
  4 hydras
  A centaur warrior (D:10)
  An ogre mage (D:10)
  A tengu warrior (D:10)
  The ghost of qborf the Basher, a novice OgBe of Trog (D:6)
  A deep elf pyromancer (D:10)
  Pikel (D:5)
  2 cyclopes (D:11)
  An ugly thing (D:11)
  A moth of wrath (Lair:2)
  Maurice (D:11)
  5 centaur zombies
  6 elephants
  Joseph (D:7)
  9 black mambas
  4 cane toads
  3 rime drakes
  Maggie (D:7)
  2 efreet (D:10)
  A komodo dragon (Lair:2)
  An unseen horror (D:11)
  2 trolls
  Grinder (D:5)
  2 polar bears
  10 blink frogs
  12 dream sheep
  A meliai zombie (D:10)
  A slime creature (D:10)
  Sigmund (D:5)
  8 wyverns
  8 yaks
  A wraith (Lair:5)
  A basilisk (Lair:1)
  15 water moccasins
  A sky beast (D:5)
  3 black bears
  2 ice beasts
  2 necrophages
  6 orc warriors
  2 ogres (D:5)
  35 wolves
  A centaur (D:10)
  A kobold brigand (D:9)
  5 bullfrogs
  Blork the orc (D:4)
  2 scorpions
  2 water moccasin zombies (Ossuary)
  10 killer bees (D:9)
  An electric eel (Lair:2)
  3 wights (D:9)
  3 howler monkeys
  2 hounds
  3 jellies
  2 gnoll shamans
  5 orc priests
  A centaur skeleton (D:6)
  Crazy Yiuf (D:4)
  5 bullfrog skeletons
  3 iron imps (D:9)
  4 iguanas
  4 orc wizards
  4 killer bee zombies
  2 howler monkey zombies
  3 mummies
  12 gnolls
  8 adders
  A white imp (D:8)
  4 ufetubi
  5 adder zombies (Ossuary)
  2 worms
  5 dart slugs
  29 orcs
  5 endoplasms
  6 giant cockroaches
  6 gnoll zombies (Ossuary)
  4 goblins
  3 hobgoblins
  2 jackals (D:2)
  8 quokkas
  8 ball pythons
  3 bats (D:1)
  2 hobgoblin zombies (Ossuary)
  9 kobolds
  7 kobold zombies (Ossuary)
  8 orc zombies (Ossuary)
  5 rats
375 creatures vanquished.

Vanquished Creatures (others)
  An ogre mage (D:10)
  10 fungi
  10 plants
21 creatures vanquished.

Grand Total: 396 creatures vanquished

Notes
Turn   | Place    | Note
-------+----------+-------------------------------------------
     0 | D:1      | vineage the Minotaur Fighter began the quest for the Orb.
     0 | D:1      | Reached XP level 1. HP: 19/19 MP: 0/0
   248 | D:1      | Reached skill level 4 in Fighting
   255 | D:1      | Reached XP level 2. HP: 24/28 MP: 1/1
   526 | D:1      | Reached skill level 5 in Fighting
   544 | D:1      | Found a faded altar of an unknown god.
   814 | D:2      | Reached XP level 3. HP: 35/36 MP: 2/2
  1667 | D:3      | Reached skill level 6 in Fighting
  1667 | D:3      | Reached XP level 4. HP: 34/44 MP: 3/3
  1924 | D:3      | Found an iron altar of Okawaru.
  1992 | D:3      | Became a worshipper of Warmaster Okawaru
  2088 | D:4      | Found a white marble altar of Elyvilon.
  2155 | D:4      | Reached skill level 7 in Fighting
  2155 | D:4      | Reached XP level 5. HP: 45/52 MP: 4/4
  2189 | D:4      | Found a sand-covered staircase.
  2198 | Ossuary  | Entered an ossuary
  2276 | Ossuary  | Reached * piety under Okawaru
  2277 | Ossuary  | Reached skill level 8 in Fighting
  2277 | Ossuary  | Reached XP level 6. HP: 50/62 MP: 5/5
  2472 | Ossuary  | Reached skill level 9 in Fighting
  2818 | D:4      | Noticed Blork the orc
  2823 | D:4      | Killed Blork the orc
  2824 | D:4      | Reached XP level 7. HP: 67/71 MP: 6/6
  2971 | D:4      | Reached skill level 10 in Fighting
  2992 | D:4      | Found a runed translucent door.
  2993 | D:4      | Noticed Crazy Yiuf
  3004 | D:4      | Killed Crazy Yiuf
  3252 | D:5      | Entered Level 5 of the Dungeon
  3252 | D:5      | Noticed Grinder
  3270 | D:5      | Killed Grinder
  3270 | D:5      | Reached ** piety under Okawaru
  3533 | D:5      | Found a glowing silver altar of Zin.
  3680 | D:5      | Reached skill level 11 in Fighting
  3802 | D:5      | Reached XP level 8. HP: 64/82 MP: 7/7
  3810 | D:5      | Noticed Sigmund
  3816 | D:5      | Killed Sigmund
  3817 | D:5      | Reached skill level 12 in Fighting
  4183 | D:5      | Reached *** piety under Okawaru
  4187 | D:5      | Reached skill level 13 in Fighting
  4234 | D:5      | Noticed Pikel
  4253 | D:5      | Killed Pikel
  4254 | D:5      | Reached skill level 14 in Fighting
  4254 | D:5      | Reached XP level 9. HP: 71/95 MP: 6/8
  5049 | D:5      | Found a sparkling altar of Nemelex Xobeh.
  5155 | D:6      | Found a staircase to the Ecumenical Temple.
  5179 | D:6      | Found an opulent altar of Gozag.
  5660 | D:6      | Reached **** piety under Okawaru
  5686 | D:6      | Found a runed translucent door.
  5687 | D:6      | Noticed qborf's ghost (novice OgBe)
  5701 | D:6      | Killed qborf's ghost
  5702 | D:6      | Reached skill level 5 in Armour
  5702 | D:6      | Reached skill level 5 in Shields
  5798 | D:6      | Reached skill level 5 in Axes
  6043 | D:7      | Found an ornate altar of the Wu Jian Council.
  6113 | D:7      | Noticed Maggie
  6133 | D:7      | Killed Maggie
  6442 | D:7      | Noticed Joseph
  6458 | D:7      | Killed Joseph
  6459 | D:7      | Reached XP level 10. HP: 66/104 MP: 7/9
  6925 | D:7      | Found a shimmering blue altar of Sif Muna.
  6943 | D:7      | Found a stormy altar of Qazlal.
  7261 | D:8      | Reached ***** piety under Okawaru
  7261 | D:8      | Received a gift from Okawaru
  7652 | D:8      | Found Goneschix's Jewellery Emporium.
  7672 | D:8      | You fall into a shaft and drop 3 floors!
  7691 | D:11     | Noticed Fannar
  7777 | D:11     | Noticed a cyclops
  7785 | D:11     | Noticed a cyclops
  7787 | D:11     | Noticed Maurice
  7794 | D:11     | Killed a cyclops
  7799 | D:11     | Killed a cyclops
  7827 | D:11     | Killed Maurice
  7852 | D:10     | Entered Level 10 of the Dungeon
  8016 | D:9      | Found a snail-covered altar of Cheibriados.
  8155 | D:9      | Found a staircase to the Lair.
  8524 | D:9      | Found a burning altar of Makhleb.
  8804 | D:9      | Found a shimmering altar of Xom.
  8808 | D:9      | Found a shimmering altar of Xom.
  8808 | D:9      | Found a shimmering altar of Xom.
  8808 | D:9      | Found a shimmering altar of Xom.
  8810 | D:9      | Found a shimmering altar of Xom.
  8813 | D:9      | Found a shimmering altar of Xom.
  9119 | D:10     | Reached XP level 11. HP: 97/111 MP: 10/10
  9142 | D:10     | Found a basalt altar of Yredelemnul.
  9258 | D:10     | Reached skill level 1 in Invocations
  9269 | D:10     | Received a gift from Okawaru
  9397 | D:10     | Found a hide-covered altar of Uskayaw.
  9643 | D:10     | Noticed a tengu warrior
  9643 | D:10     | Noticed an ogre mage
  9643 | D:10     | Noticed a centaur warrior
  9643 | D:10     | Found the ring of the Octopus King
  9651 | D:10     | Killed an ogre mage
  9653 | D:10     | Identified the +8 long sword of Sora {venom, Stlth+}
  9653 | D:10     | Noticed an ogre mage
  9653 | D:10     | Noticed a deep elf pyromancer
  9664 | D:10     | Killed a tengu warrior
  9665 | D:10     | Reached skill level 10 in Axes
  9886 | D:10     | Identified the +5 halberd "Arbiter" {vorpal, Fragile rElec
                  | Will+ SInv}
  9894 | D:10     | Killed a centaur warrior
  9992 | D:10     | Killed a deep elf pyromancer
  9997 | D:10     | Killed an ogre mage
  9998 | D:10     | Reached skill level 5 in Invocations
 10019 | D:10     | Identified a ring of the Octopus King {rCorr AC+1 EV+1
                  | Str+1 Int+1 Dex+1}
 10028 | D:10     | Got Pegoyv's Almanac of the Volcanoes
 10030 | D:10     | Got Galofaop's Volume of the Snail
 10210 | D:11     | Reached skill level 1 in Long Blades
 10295 | D:11     | Noticed a brown ugly thing
 10305 | D:11     | Killed a brown ugly thing
 10695 | D:11     | Killed Fannar
 10695 | D:11     | Identified the +1 fire dragon scales "Istruh" {rPois rF++
                  | rC- Regen+ rCorr Stlth+} (Okawaru gifted it to you on level
                  | 11 of the Dungeon)
 10695 | D:11     | Received a gift from Okawaru
 10909 | D:11     | Found an ancient bone altar of Kikubaaqudgha.
 11015 | Lair:1   | Entered Level 1 of the Lair of Beasts
 11315 | Lair:1   | Noticed a five-headed hydra
 11332 | Lair:1   | Killed a six-headed hydra
 11333 | Lair:1   | Reached skill level 5 in Long Blades
 11333 | Lair:1   | Reached XP level 12. HP: 33/118 MP: 13/16
 12052 | Lair:2   | Found a transporter.
 12058 | Lair:2   | Noticed Xaifossi's ghost (journeyman GrEE)
 12092 | Lair:2   | Found a transporter.
 12141 | Lair:2   | Found a staircase to the Swamp.
 12150 | Lair:2   | Reached skill level 15 in Fighting
 12232 | Lair:2   | Noticed Gastronok
 12261 | Lair:2   | Killed Gastronok
 12708 | Lair:2   | Killed Xaifossi's ghost
 12718 | Lair:2   | Reached skill level 16 in Fighting
 12731 | Lair:2   | Identified the ring of Midsummer {rF+ Will+}
 12736 | Lair:2   | Got the Almanac of the Flamy Glacier
 12805 | Lair:3   | Found a staircase to the Snake Pit.
 12929 | Lair:3   | Reached skill level 17 in Fighting
 13020 | Lair:3   | Received a gift from Okawaru
 13053 | Lair:3   | Noticed a seven-headed hydra
 13059 | Lair:3   | Noticed an eight-headed hydra
 13064 | Lair:3   | Killed a seven-headed hydra
 13102 | Lair:3   | Killed an eight-headed hydra
 13676 | Lair:4   | You fall into a shaft and drop 2 floors!
 13676 | Lair:6   | Entered Level 6 of the Lair of Beasts
 13714 | Lair:6   | Reached skill level 18 in Fighting
 13797 | Lair:6   | Noticed a seven-headed hydra
 13811 | Lair:6   | Killed a seven-headed hydra
 13883 | Lair:6   | Reached XP level 13. HP: 48/136 MP: 15/17
 14064 | Lair:6   | Reached skill level 19 in Fighting
 14331 | Lair:5   | Identified the +3 hat of the Secret Friars {rElec Str-5
                  | Int+3 Dex+7} (Okawaru gifted it to you on level 5 of the
                  | Lair of Beasts)
 14331 | Lair:5   | Received a gift from Okawaru
 14463 | Lair:5   | Identified the +8 hand axe "Muwuskos" {vorpal, Str+3 SInv}
 14500 | Lair:5   | Reached skill level 20 in Fighting
 14591 | Lair:5   | HP: 7/140 [14-headed hydra (6)]
 14591 | Lair:5   | HP: 3/140 [14-headed hydra (4)]
 14591 | Lair:5   | HP: 1/140 [wolf (2)]
 14593 | Lair:5   | Slain by a 14-headed hydra

Illustrated notes

Levels and vault maps discovered:
D:1:      onia_arrival_mini_maze_b, layout_basic,
          chequers_ecumenical_altar_simple_redux
D:2:      layout_loops_ring
D:3:      layout_basic, lemuel_crystal_altar
D:4:      layout_basic, elyvilon_altar_4, gup_ossuary_entry_pyramid,
          uniq_crazy_yiuf_cottage, uniq_blork_the_orc
D:5:      layout_loops_cross, nemelex_dance_club_becter, zin_treasury,
          hangedman_decor_riveting, grunt_ministairs_5, uniq_sigmund,
          uniq_grinder, uniq_pikel
D:6:      black_bear_nest_2, layout_basic, nicolae_gozag_seed_capital,
          minmay_temple_entry_glassed_door, ebering_ghost_reflecting_pool,
          kennysheep_generic_room_8
D:7:      layout_cave_pods, nzn_wu_jian_contemplation,
          mainiacjoe_overflow_big_doors, uniq_maggie, uniq_joseph
D:8:      layout_loops_ring, serial_shops, shop, kennysheep_generic_room_2
D:9:      layout_roguey, demons_altar, xom_redecorated, kennysheep_little_box,
          dpeg_oklobed_lair
D:10:     minmay_the_grid_triangle_9x9_recursive_2_mashed
          [minmay_the_grid_triangle_9x9_prize_center,
          minmay_the_grid_triangle_9x9_swiss_cheese,
          minmay_the_grid_triangle_9x9_zippers_horizontal,
          minmay_the_grid_triangle_9x9_minimal], layout_rooms,
          eat_drink_and_be_merry_uskayaw, mainiacjoe_overflow_surrounded_room,
          serial_co_window_serial, co_window_corner_a, co_window_corner_a,
          co_window_paths_b, co_window_paths_b, co_window_paths_b,
          co_window_unsneaky_path_a, co_window_of_opportunity_b,
          co_window_unsneaky_path_c, co_window_2corner, co_window_paths_d,
          glass_columns_c
D:11:     minmay_weird_star, layout_basic, kiku_gazebo_pond_becter, uniq_fannar,
          uniq_maurice
Lair:1:   layout_regular_city
Lair:2:   layout_long_grid, swamp_mist_pool, gammafunk_ghost_berserking_beasts,
          uniq_gastronok
Lair:3:   layout_regular_city, minmay_snake_entry_six_corridors,
          amcnicky_mini_pool_medium, infiniplex_staircase_pool_2,
          serial_bayou_shore_b
Lair:4:   layout_concentric_octagons, nicolae_lair_lil_pond, tgw_fedhas
Lair:5:   layout_cave_pods, nicolae_slime_entry_slimehenge,
          grunt_forest_large_clearings, uniq_josephine
Lair:6:   gammafunk_lair_ancient_temple, layout_long_grid, serial_bayou_shore_a

Skill      XL: |  1  2  3  4  5  6  7  8  9 10 11 12 13 |
---------------+----------------------------------------+-----
Fighting       | 4 5 6 7 8 9 11 14 18 20 | 20.4
Armour         | 6 9 |  9.2
Shields        | 6 9 |  9.2
Axes           | 6 8 11 | 11.0
Invocations    | 7 |  7.0
Long Blades    | 5 |  5.2

Action                   |  1- 3 |  4- 6 |  7- 9 | 10-12 | 13-15 || total
-------------------------+-------+-------+-------+-------+-------++-------
Melee: War axe           |    75 |   107 |   198 |   223 |       ||   603
       Headbutt          |    12 |    26 |    42 |   188 |    54 ||   322
       Long sword        |       |       |       |    68 |       ||    68
       Hand axe          |       |       |       |    61 |    67 ||   128
       Whip              |       |       |       |   318 |   125 ||   443
Invok: Heroism           |       |       |     6 |    15 |     4 ||    25
  Use: Scroll            |     7 |       |     9 |    11 |       ||    27
       Potion            |       |       |     1 |     8 |     1 ||    10
 Stab: Sleeping          |       |       |       |     1 |     1 ||     2
       Invisible         |       |       |       |     4 |       ||     4
       Distracted        |       |       |       |     1 |       ||     1
Armor: Scale mail        |    34 |    33 |    68 |    97 |       ||   232
       Storm dragon scal |       |       |       |    43 |       ||    43
       Fire dragon scale |       |       |       |   219 |   164 ||   383
Dodge: Dodged            |    36 |    39 |    81 |   385 |   113 ||   654
Block: Buckler           |    21 |    27 |    58 |   315 |   104 ||   525

Table legend: (Time is in decaauts)
 A = Elapsed time spent in this place.
 B = Non-inter-level travel time spent in this place.
 C = Inter-level travel time spent in this place.
 D = Time resting spent in this place.
 E = Time spent auto-exploring this place.
 F = Levels seen in this place.
 G = Mean time per level.
                   A        B        C        D        E       F      G
               +--------+--------+--------+--------+--------+-----+--------+
         Total |  14595 |  13673 |    922 |   1478 |   9511 |  18 |  810.8 |
       Dungeon |  10793 |  10130 |    663 |   1097 |   7225 |  11 |  981.2 |
          Lair |   3431 |   3172 |    259 |    313 |   2100 |   6 |  571.8 |
       Ossuary |    370 |    370 |      0 |     68 |    186 |   1 |  370.0 |
               +--------+--------+--------+--------+--------+-----+--------+

Top non-repeatable levels by time:
     D:5: 1907 daAuts
    D:10: 1313 daAuts
     D:7: 1107 daAuts
    D:11: 1002 daAuts
     D:9: 958 daAuts
  Lair:2: 890 daAuts
  Lair:3: 877 daAuts
     D:4: 858 daAuts
     D:6: 827 daAuts
  Lair:1: 825 daAuts
     D:1: 816 daAuts
     D:2: 756 daAuts
     D:8: 729 daAuts
     D:3: 517 daAuts
  Lair:5: 440 daAuts
